 Dungeon Crawl Stone Soup version 0.22-a0-299-g43f9854 (webtiles) character file.

5632 vishdafish the Fighter (level 10, -9/88 (89) HPs)
             Began as a White Draconian Skald on Mar 26, 2018.
             Was a Follower of the Shining One.
             Killed by divine providence
             ... invoked by an orc priest
              (12 damage)
             ... on level 9 of the Dungeon.
             The game lasted 00:25:51 (11555 turns).

vishdafish the Fighter (White Draconian Skald)     Turns: 11555, Time: 00:25:52

HP:   -9/88 (89)    AC:  9    Str: 12      XL:     10   Next: 46%
MP:   23/23         EV: 15    Int: 12 (15) God:    the Shining One [*.....]
Gold: 458           SH: 14    Dex: 11 (12) Spells: 7/15 levels left

rFire    . . .     SeeInvis .   a - +1 falchion
rCold    + . .     Gourm    .   j - +3 buckler
rNeg     . . .     Faith    .   (armour unavailable)
rPois    .         Spirit   .   (helmet restricted)
rElec    .         Reflect  +   (no cloak)
rCorr    .         Harm     .   d - +0 pair of gloves
MR       .....                  x - +0 pair of boots
Stlth    +.........             y - +6 amulet of reflection
HPRegen  0.24/turn              e - ring of magical power
MPRegen  0.18/turn              (no ring)

@: short of breath, hasted, glowing, very quick
A: breathe frost, unfitting armour, horns 1, talons 1, cold resistance 1,
deterioration 1, weak 1, cold-blooded, AC +7
a: Breathe Frost, Renounce Religion


You were on level 9 of the Dungeon.
You worshipped the Shining One.
The Shining One was aware of your devotion.
You were not hungry.

You visited 2 branches of the dungeon, and saw 11 of its levels.

You collected 458 gold pieces.

Inventory:

Hand Weapons
 a - a +1 falchion (weapon)
 p - a -1 long sword
 r - a -1 spear
Armour
 d - a +0 pair of gloves (worn)
 j - a +3 buckler (worn)
 x - a +0 pair of boots (worn)
Jewellery
 e - a ring of magical power (left hand)
 y - a +6 amulet of reflection (around neck)
Wands
 g - a wand of iceblast (4)
 s - a wand of enslavement (13)
 B - a wand of flame (25)
Scrolls
 b - 3 scrolls of enchant armour
 f - 3 scrolls of magic mapping
 k - 3 scrolls of fear {unknown}
 l - a scroll of fog
 q - 2 scrolls of identify
 u - 5 scrolls of remove curse
 w - 3 scrolls of blinking {unknown}
 z - 2 scrolls of teleportation
 A - 2 scrolls of immolation {unknown}
Potions
 i - a potion of brilliance
 m - 3 potions of flight
 n - a potion of cancellation
 o - 2 potions of degeneration
 t - a potion of ambrosia {unknown}
Comestibles
 c - 10 rations


   Skills:
 + Level 8.3 Fighting
 - Level 7.1 Long Blades
 - Level 6.6 Dodging
 + Level 5.1 Shields
 - Level 3.3 Spellcasting
 - Level 4.1 Charms
 - Level 3.0 Necromancy
 - Level 4.4 Translocations
 * Level 4.3 Invocations


You had 7 spell levels left.
You knew the following spells:

 Your Spells              Type           Power        Failure   Level  Hunger
a - Infusion              Chrm           ##..         4%          1    #......
b - Song of Slaying       Chrm           ##......     7%          2    ###....
c - Shroud of Golubria    Chrm/Tloc      ##........   6%          2    ###....
d - Regeneration          Chrm/Necr      ##........   16%         3    ###....


Dungeon Overview and Level Annotations

Branches:
Dungeon (10/15)            Temple (1/1) D:6
   Lair: D:8-11         Orc: D:9-12

Altars:
Ashenzari
Cheibriados
Dithmenos
Elyvilon
Fedhas
Gozag
Hepliaklqana
Kikubaaqudgha
Makhleb
Nemelex Xobeh
Okawaru
Qazlal
Ru
Sif Muna
Trog
Uskayaw
Vehumet
Wu Jian
Xom
Yredelemnul
Zin
The Shining One

Shops:
D:6 (

Annotations:
D:7 EvilAshe's ghost, novice DgFE


Innate Abilities, Weirdness & Mutations

You can breathe waves of freezing cold.
You can buffet flying creatures when you breathe cold.
Your icy white scales are hard. (AC +7)
You cannot fit into any form of body armour.
Your flesh is cold resistant. (rC+)
You are cold-blooded and may be slowed by cold attacks.
You have a pair of small horns on your head.
You have sharp toenails.
Your body sometimes deteriorates upon taking damage.
You are weak. (Str -2)


Message History

The iceblast engulfs you! You partially resist.
* * * LOW HITPOINT WARNING * * *
You hear a shout! x3
The centaur shoots an arrow.
The arrow barely misses you.
There are monsters nearby!
The orc priest mumbles some strange prayers to Beogh against you.
Beogh smites you!
* * * LOW HITPOINT WARNING * * *
The hippogriff bites you but does no damage.
You block the hippogriff's attack. x2
Things that are here:
a dagger; a leather armour; an arrow
Okay, then.
Okay, then.
The centaur shoots an arrow.
You reflect the arrow off an invisible shield around you!
The arrow hits the centaur.
The orc priest mumbles some strange prayers to Beogh against you.
Beogh smites you!
You die...

#..#......#
#.##.#....(.#
#.......[...#
##########.......#
.##...g....o.......#
.g....?o(((.((.###....
###.#########Hc# ....
#....o).# ....
#.###@#># .... #.###
#.# #.. ###


You could see a hippogriff, a centaur and an orc priest.

Vanquished Creatures
  The ghost of sankara the Slasher, a novice HaFi (D:4)
  The ghost of RoseArtemis the Slasher, an amateur MiFi of Okawaru (D:5)
  3 yaks (D:6)
  A human (D:7)
  2 hogs (D:7)
  A warg (D:9)
  Edmund (D:5)
  2 water moccasins
  3 orc warriors
  4 sky beasts
  A necrophage (D:9)
  4 ice beasts
  3 phantoms
  3 ogres
  A centaur (D:6)
  A wyvern zombie (D:6)
  2 bullfrogs
  A wyvern skeleton (D:5)
  3 scorpions
  4 killer bees (D:8)
  2 crimson imps
  10 hounds
  A jelly (D:5)
  3 orc priests
  14 orc wizards
  A bullfrog skeleton (D:5)
  4 iguanas
  3 worker ants
  A killer bee zombie (D:4)
  A hound zombie (D:4)
  10 adders
  6 gnolls
  A shadow imp (D:10)
  An ooze (D:2)
  An adder zombie (D:6)
  3 worms
  5 dart slugs
  8 leopard geckos
  26 orcs
  2 ball pythons
  4 giant cockroaches
  6 goblins
  4 hobgoblins
  8 jackals
  2 quokkas
  6 bats
  3 frilled lizards
  A jackal zombie (D:6)
  5 kobolds
  2 leopard gecko zombies
  10 rats
196 creatures vanquished.

Vanquished Creatures (collateral kills)
  A yak (D:6)
  A hog (D:7)
2 creatures vanquished.

Vanquished Creatures (others)
  A hog (D:7)
  A centaur (D:9)
  A jackal (D:5)
  2 plants (D:5)
5 creatures vanquished.

Grand Total: 203 creatures vanquished

Notes
Turn   | Place    | Note
-------+----------+-------------------------------------------
     0 | D:1      | vishdafish the Draconian Skald began the quest for the Orb.
     0 | D:1      | Reached XP level 1. HP: 17/17 MP: 3/3
   273 | D:1      | Reached XP level 2. HP: 18/24 MP: 5/5
   985 | D:2      | Reached skill level 1 in Shields
   985 | D:2      | Reached XP level 3. HP: 29/30 MP: 6/6
  1203 | D:2      | Found a shadowy altar of Dithmenos.
  1996 | D:3      | Reached XP level 4. HP: 26/37 MP: 7/7
  2104 | D:3      | Gained mutation: Your body sometimes deteriorates upon taking damage. [potion of mutation]
  2104 | D:3      | Gained mutation: You have sharp toenails. [potion of mutation]
  2104 | D:3      | Gained mutation: You are weak. (Str -2) [potion of mutation]
  2104 | D:3      | Gained mutation: You have a pair of small horns on your head. [potion of mutation]
  2416 | D:3      | Reached XP level 5. HP: 37/44 MP: 8/8
  2590 | D:3      | Reached skill level 3 in Fighting
  2669 | D:3      | Noticed an ogre
  2679 | D:3      | Killed an ogre
  2679 | D:3      | Reached XP level 6. HP: 32/51 MP: 10/10
  3119 | D:4      | Noticed sankara's ghost (novice HaFi)
  3663 | D:4      | Killed sankara's ghost
  3663 | D:4      | Your scales start taking on an icy white colour.
  3663 | D:4      | Reached XP level 7. HP: 34/58 MP: 11/11
  3663 | D:4      | Gained mutation: Your flesh is cold resistant. (rC+) [White Draconian growth]
  3816 | D:4      | Reached skill level 4 in Fighting
  4243 | D:4      | Found a radiant altar of Vehumet.
  4480 | D:4      | Learned a level 2 spell: Song of Slaying
  4545 | D:4      | Learned a level 2 spell: Shroud of Golubria
  4549 | D:4      | Learned a level 3 spell: Regeneration
  4683 | D:5      | Entered Level 5 of the Dungeon
  4875 | D:5      | Reached XP level 8. HP: 50/67 MP: 12/12
  4878 | D:5      | Reached skill level 1 in Necromancy
  4881 | D:5      | Reached skill level 1 in Translocations
  4957 | D:5      | Noticed RoseArtemis's ghost (amateur MiFi)
  5114 | D:5      | Killed RoseArtemis's ghost
  5114 | D:5      | Reached skill level 5 in Fighting
  5329 | D:5      | Reached skill level 5 in Long Blades
  5636 | D:5      | Found a hazy altar of Hepliaklqana.
  5637 | D:5      | Found a shimmering altar of Xom.
  5638 | D:5      | Noticed a spectral ugly thing
  5926 | D:6      | Noticed Edmund
  5965 | D:5      | Killed Edmund
  5965 | D:5      | Reached skill level 5 in Dodging
  6149 | D:6      | Reached XP level 9. HP: 75/75 MP: 13/13
  6171 | D:6      | Found Imof's Antique Weapon Shop.
  6255 | D:6      | Reached skill level 6 in Fighting
  6669 | D:6      | Found a deep blue altar of Sif Muna.
  6893 | D:6      | Found a stormy altar of Qazlal.
  6893 | D:6      | Found a hide-covered altar of Uskayaw.
  6961 | D:6      | Found a staircase to the Ecumenical Temple.
  7102 | Temple   | Entered the Ecumenical Temple
  7216 | Temple   | Became a worshipper of Elyvilon the Healer
  7502 | D:7      | Noticed EvilAshe's ghost (novice DgFE)
  8806 | D:7      | Reached skill level 7 in Fighting
  9191 | D:7      | Reached XP level 10. HP: 20/86 MP: 14/14
 10082 | D:8      | Reached skill level 1 in Invocations
 10458 | D:8      | Reached skill level 8 in Fighting
 10622 | D:8      | Noticed a moth of wrath
 10625 | D:8      | Found a bloodstained altar of Trog.
 10669 | D:8      | Reached * piety under Elyvilon
 11045 | D:8      | Found a glowing golden altar of the Shining One.
 11055 | D:8      | Noticed an angel
 11060 | D:8      | Fell from the grace of Elyvilon
 11060 | D:8      | Became a worshipper of the Shining One
 11075 | D:8      | Found a basalt altar of Yredelemnul.
 11077 | D:8      | Noticed a profane servitor
 11290 | D:9      | Reached skill level 5 in Shields
 11464 | D:10     | Entered Level 10 of the Dungeon
 11550 | D:9      | Reached * piety under the Shining One
 11554 | D:9      | HP: 3/88 [orc priest/divine providence (15)]
 11555 | D:9      | Killed from afar by an orc priest

Vault maps used:
D:1:      elethiomel_arrival_shortcut
D:2:      grunt_dithmenos_smoke
D:3:      first_ration
D:4:      nicolae_overflow_crystal_walls, serial_forest,
          infiniplex_forest_lined_2, infiniplex_forest_clump_large,
          infiniplex_forest_lined_2, infiniplex_forest_clump_curved,
          infiniplex_forest_clump_tiny
D:5:      regret_index_temple_of_mockery, hangedman_decor_growths,
          serial_bayou_pond_b
D:6:      led_sif_book, gammafunk_temple_overflow_elements,
          lemuel_temple_firewalk_b, serial_shops,
          nicolae_shop_overgrown_old_shop, uniq_edmund
D:7:      grunt_livestock
D:8:      grunt_temple_overflow_holy_war, tgw_trog
D:9:      hangedman_tell_no_tales
D:10:     erik_lair_orcish_takeover, nicolae_trove_entry_path_of_doom,
          basic_altar, serial_shops, shop, nicolae_ru_sacrificial_ziggurat
Temple:   nicolae_temple_hex_pool

Skill      XL: |  1  2  3  4  5  6  7  8  9 10 |
---------------+-------------------------------+-----
Charms         | 3 4 |  4.1
Shields        | 1 2 3 4 5 |  5.1
Fighting       | 3 4 5 7 8 |  8.3
Long Blades    | 3 4 5 7 |  7.1
Dodging        | 3 4 5 6 |  6.6
Spellcasting   | 3 |  3.3
Necromancy     | 3 |  3.0
Translocations | 3 4 |  4.4
Invocations    | 4 |  4.3

Action                   |  1- 3 |  4- 6 |  7- 9 | 10-12 || total
-------------------------+-------+-------+-------+-------++-------
Melee: Falchion          |   127 |   170 |   581 |   339 ||  1217
       Tailslap          |    17 |    13 |    74 |    28 ||   132
       Kick              |       |    29 |    94 |       ||   123
       Headbutt          |       |    20 |   103 |    46 ||   169
       Spear             |       |       |     2 |       ||     2
Throw: Throwing net      |       |       |       |     1 ||     1
 Cast: Infusion          |     3 |     3 |       |       ||     6
       Shroud of Golubri |       |       |     4 |     2 ||     6
       Song of Slaying   |       |       |     2 |     1 ||     3
 Abil: Breathe Frost     |       |       |    15 |     4 ||    19
Evoke: Wand              |       |       |    10 |     2 ||    12
  Use: Scroll            |     3 |     6 |     6 |     1 ||    16
       Potion            |       |     4 |     6 |     3 ||    13
 Stab: Sleeping          |       |     1 |     3 |       ||     4
  Eat: Chunk             |     3 |     5 |    15 |       ||    23
       Ration            |       |       |     2 |     3 ||     5
Armor: Skin              |    34 |    49 |   115 |    68 ||   266
Dodge: Dodged            |    67 |    68 |   277 |   127 ||   539
Block: Buckler           |    35 |    64 |   299 |   183 ||   581
       Reflection        |       |       |     5 |     8 ||    13
       Rpst.: Falchion   |    23 |    21 |    98 |    34 ||   176

Table legend:
 A = Spawn XP
 B = Non-spawn XP
 C = Spawn XP percentage of total XP
 D = Spawn monster count
 E = Non-spawn monster count
 F = Spawn count percentage of total count
 G = Total turns spent on level
                    A         B        C        D         E        F      G
               +---------+---------+-------+---------+---------+-------+---------
         Total |       0 |    8046 |   0.0 |       0 |     201 |   0.0 | 11555
               +---------+---------+-------+---------+---------+-------+---------
           D:1 |       0 |      39 |   0.0 |       0 |      19 |   0.0 |  1179
           D:2 |       0 |      51 |   0.0 |       0 |      16 |   0.0 |   732
           D:3 |       0 |     353 |   0.0 |       0 |      26 |   0.0 |  1644
           D:4 |       0 |     875 |   0.0 |       0 |      24 |   0.0 |  1128
           D:5 |       0 |    1401 |   0.0 |       0 |      26 |   0.0 |  1319
           D:6 |       0 |    1728 |   0.0 |       0 |      26 |   0.0 |  2480
           D:7 |       0 |    1338 |   0.0 |       0 |      21 |   0.0 |  1078
           D:8 |       0 |    1286 |   0.0 |       0 |      30 |   0.0 |  1414
           D:9 |       0 |     949 |   0.0 |       0 |      11 |   0.0 |   349
          D:10 |       0 |      26 |   0.0 |       0 |       2 |   0.0 |    84
               +---------+---------+-------+---------+---------+-------+---------
